 Seeded DCSS version 0.29-a0-233-g1125b37a9b (webtiles) character file.

Game seed: 558204171025731220 (custom seed)

0 hikkokomori the Magician (level 1, -2/10 HPs)
             Began as a Gargoyle Hedge Wizard on Mar 1, 2022.
             Slain by a kobold
             ... wielding a +0 dagger
              (3 damage)
             ... on level 1 of the Dungeon.
             The game lasted 00:01:17 (75 turns).

hikkokomori the Magician (Gargoyle Hedge Wizard)      Turns: 75, Time: 00:01:17

Health: -2/10      AC:  4    Str: 13    XL:     1   Next: 10%
Magic:  1/13       EV: 11    Int: 14    God:
Gold:   0          SH:  0    Dex:  9    Spells: 5/6 levels left

rFire   . . .      SeeInvis .   a - +0 dagger
rCold   . . .      Faith    .   (no shield)
rNeg    + . .      Spirit   .   b - +0 robe
rPois   ∞          Reflect  .   c - +0 hat
rElec   +          Harm     .   (no cloak)
rCorr   .          Rampage  .   (no gloves)
Will    .....                   (no boots)
Stlth   ++........              (no amulet)
HPRegen 0.03/turn               d - ring of magical power
MPRegen 0.13/turn               (no ring)

@: brilliant, very slightly contaminated
A: sickness immunity, AC +2, negative energy resistance 1, electricity
resistance, torment resistance 1, petrification resistance
a: no special abilities


You were on level 1 of the Dungeon.
You visited 1 branch of the dungeon, and saw 1 of its levels.

Inventory:

Hand Weapons
 a - a +0 dagger (weapon)
Armour
 b - a +0 robe (worn)
 c - a +0 hat (worn)
Jewellery
 d - a ring of magical power (left hand)


   Skills:
 + Level 1.5 Dodging
 + Level 2.2 Stealth
 + Level 3.0 Spellcasting
 + Level 1.1 Conjurations
 + Level 0.8 Summonings
 + Level 0.8 Translocations


You had 5 spell levels left.
You knew the following spells:

 Your Spells              Type           Power      Damage    Failure   Level
a - Magic Dart            Conj           28%        1d4       14%         1

Your spell library contained the following spells:

 Spells                   Type           Power      Damage    Failure   Level
 Slow                     Hex            12%        N/A       22%         1
 Blink                    Tloc           12%        N/A       22%         2
 Call Imp                 Summ           6%         N/A       22%         2
 Conjure Flame            Conj/Fire      5%         6-21      45%         3
 Mephitic Cloud           Conj/Pois/Air  4%         N/A       50%         3


Dungeon Overview and Level Annotations

Branches:
Dungeon (1/15)

Altars:


Innate Abilities, Weirdness & Mutations

You are immune to sickness and miasma.
Your stone body is resilient. (AC +2)
You are immune to poison.
You resist negative energy. (rN+)
You are resistant to electric shocks. (rElec)
You are resistant to unholy torment.
You are immune to petrification.


Message History

Press: ? - help, Shift-Dir - straight line, f/p - goblin
Aim: a goblin, wielding a +0 dagger (100% to hit)
You feel a surge of power!
You miscast Magic Dart.
Nothing appears to happen.
The goblin misses you.
Unknown command.
Casting: Magic Dart (safe; 14% risk of failure)
Confirm with . or Enter, or press ? or * to list all spells.
Aiming: Magic Dart (safe; 14% risk of failure)
Press: ? - help, Shift-Dir - straight line, f - kobold, p - goblin
Aim: a kobold, wielding a +0 dagger (100% to hit)
You feel a surge of power!
You miscast Magic Dart.
Nothing appears to happen.
The goblin hits you but does no damage.
Unknown command.
Casting: Magic Dart (safe; 14% risk of failure)
Confirm with . or Enter, or press ? or * to list all spells.
Aiming: Magic Dart (safe; 14% risk of failure)
Press: ? - help, Shift-Dir - straight line, f/p - kobold
Aim: a kobold, wielding a +0 dagger (100% to hit)
You feel a surge of power!
The magic dart hits the kobold.
The kobold is moderately wounded.
The goblin hits you but does no damage.
Unknown command.
Casting: Magic Dart (safe; 14% risk of failure)
Confirm with . or Enter, or press ? or * to list all spells.
Aiming: Magic Dart (safe; 14% risk of failure)
Press: ? - help, Shift-Dir - straight line, f/p - kobold
Aim: a kobold, wielding a +0 dagger (moderately wounded, 100% to hit)
You feel a surge of power!
The magic dart hits the kobold but does no damage.
The kobold is moderately wounded.
The goblin closely misses you. The kobold hits you with a +0 dagger.
* * * LOW HITPOINT WARNING * * *
Casting: Magic Dart (safe; 14% risk of failure)
Confirm with . or Enter, or press ? or * to list all spells.
Aiming: Magic Dart (safe; 14% risk of failure)
Press: ? - help, Shift-Dir - straight line, f/p - kobold
Aim: a kobold, wielding a +0 dagger (moderately wounded, 100% to hit)
You feel a surge of power!
You miscast Magic Dart.
Nothing appears to happen.
The goblin completely misses you. The kobold hits you with a +0 dagger.
You die...

... .>. ...
#.#...#...# ###
..#...#...# #...##
#!#...#...######
.....#
#K#............#
..⌠..#
#@#.r..........#
.....#
#g#...........(#
#...##
#r#....:.......# +##
...###r#g..........$#
....l..l.............#
..#.###..............#
#.........†....#
#..............#
................#


You could see a quokka, a goblin, a kobold, a frilled lizard and a rat.

Vanquished Creatures
  A bat (D:1)
1 creature vanquished.

Notes
Turn   | Place    | Note
-------+----------+-------------------------------------------
     0 | D:1      | hikkokomori the Gargoyle Hedge Wizard began the quest for
                  | the Orb.
     0 | D:1      | Reached XP level 1. HP: 10/10 MP: 4/4
    43 | D:1      | Identified a scroll of acquirement
    43 | D:1      | Acquired a ring of magical power
    75 | D:1      | Slain by a kobold

Illustrated notes

Levels and vault maps discovered:
D:1:      minmay_arrival_split_and_join, layout_basic

Action                   || total
-------------------------++-------
Melee: Dagger            ||     5
 Cast: Magic Dart        ||     2
  Use: Scroll            ||     2
       Potion            ||     1
Armor: Robe              ||     5
Dodge: Dodged            ||     9

Table legend: (Time is in decaauts)
 A = Elapsed time spent in this place.
 B = Non-inter-level travel time spent in this place.
 C = Inter-level travel time spent in this place.
 D = Time resting spent in this place.
 E = Time spent auto-exploring this place.
 F = Levels seen in this place.
 G = Mean time per level.
                   A        B        C        D        E       F      G
               +--------+--------+--------+--------+--------+-----+--------+
         Total |     74 |     71 |      3 |      0 |      0 |   1 |   74.0 |
       Dungeon |     74 |     71 |      3 |      0 |      0 |   1 |   74.0 |
               +--------+--------+--------+--------+--------+-----+--------+

Top non-repeatable levels by time:
     D:1: 74 daAuts
